 Dungeon Crawl Stone Soup version 0.18.1-2-ga659475 (webtiles) character file.

94 Hipnos the Magician (level 4, -1/24 HPs)
             Began as a Deep Elf Fire Elementalist on May 8, 2016.
             Slain by execc's ghost (10 damage)
             ... on level 3 of the Dungeon.
             The game lasted 00:08:05 (1617 turns).

Hipnos the Magician (Deep Elf Fire Elementalist)    Turns: 1617, Time: 00:08:05

Health: -1/24      AC:  2    Str:  5    XL:     4   Next: 38%
Magic:  9/12       EV: 13    Int: 21    God:
Gold:   64         SH:  0    Dex: 15    Spells: 2 memorised, 8 levels left

rFire  . . .     SeeInvis .     r - +0 dagger (venom)
rCold  . . .     Gourm    .     a - +0 robe
rNeg   . . .     Faith    .     (no shield)
rPois  .         Spirit   .     (no helmet)
rElec  .         Dismiss  .     (no cloak)
rCorr  .         Reflect  .     (no gloves)
SustAt .         Harm     .     (no boots)
MR     .....                    o - amulet of regeneration
Stlth  ++........               (no ring)
                                (no ring)

@: about to teleport, not resistant to hostile enchantments, unstealthy
A: no striking features
a: no special abilities


You were on level 3 of the Dungeon.
You were not hungry.

You visited 1 branch of the dungeon, and saw 3 of its levels.

You collected 64 gold pieces.

Inventory:

Hand Weapons
 r - a +0 dagger of venom (weapon)
Armour
 a - a +0 robe (worn)
Jewellery
 o - an amulet of regeneration (around neck)
Scrolls
 d - a scroll of random uselessness
 i - a scroll of remove curse
 n - a scroll of enchant weapon {unknown}
 q - a scroll of recharging {unknown}
Potions
 h - a potion of berserk rage
 j - a potion of might {unknown}
 l - a potion of curing {unknown}
 m - a potion of lignification {unknown}
 p - a potion of magic {unknown}
Books
 b - a book of Flames

   Spells                             Type                      Level
   a - Flame Tongue                   Conjuration/Fire             1
   b - Throw Flame                    Conjuration/Fire             2
   c - Conjure Flame                  Conjuration/Fire             3
   d - Inner Flame                    Hexes/Fire                   3
   e - Sticky Flame                   Conjuration/Fire             4
   f - Fireball                       Conjuration/Fire             5
Comestibles
 c - a bread ration
 g - a beef jerky
 k - a chunk of flesh


   Skills:
 + Level 2.9 Dodging
 - Level 2.4 Stealth
 + Level 4.4 Spellcasting
 + Level 2.2 Conjurations
 + Level 4.2 Fire Magic


You had 8 spell levels left.
You knew the following spells:

 Your Spells              Type           Power        Failure   Level  Hunger
a - Flame Tongue          Conj/Fire      ###..        3%          1    None
b - Throw Flame           Conj/Fire      ###...       6%          2    #......


Dungeon Overview and Level Annotations

Branches:
Dungeon (3/15)

Altars:

Annotations:
D:3 execc's ghost, amateur FoAK


Message History

Press: ? - help, Shift-Dir - straight line, f - execc's ghost
Aim: execc's ghost The flame tongue hits execc's ghost.
Execc's ghost is lightly damaged.
Execc's ghost hits you!
Ouch! That really hurt!
Casting: Flame Tongue
Confirm with . or Enter, or press ? or * to list all spells.
Aiming: Flame Tongue
Press: ? - help, Shift-Dir - straight line, f/p - execc's ghost
Aim: execc's ghost (lightly damaged)
The flame tongue hits execc's ghost.
Execc's ghost is moderately damaged.
The dart slug launches a dart at you. The slug dart misses you.
Execc's ghost hits you.
Read which item? (? for menu, Esc to quit)
As you read the scroll labeled JEHYNI ZEVASA, it crumbles to dust.
You feel strangely unstable.
It was a scroll of teleportation.
Execc's ghost hits you!
You die...

##. # . ..# #####
#...####.###.# #####....
...........#.# #...#...<
..........#.# #$.......
. .. .....#.###...#....
#...#.##W.#........#....
#..wg.$@..#..##.###.####
#...#.###.......# #... #
# ###.....# #....
#.##)#...#..##
#............
#.##....##..## #.##.##.#
. #.##.. ... #...>. ###


You could see execc's ghost, a dart slug and a hobgoblin.

Vanquished Creatures
  3 adders (D:2)
  2 oozes (D:1)
  2 worms (D:2)
  A giant gecko (D:1)
  7 goblins
  8 hobgoblins
  9 kobolds
  7 bats
  4 giant newts
  12 rats
55 creatures vanquished.

Notes
Turn   | Place    | Note
--------------------------------------------------------------
     0 | D:1      | Hipnos the Deep Elf Fire Elementalist began the quest for the Orb.
     0 | D:1      | Reached XP level 1. HP: 10/10 MP: 6/6
    99 | D:1      | Reached XP level 2. HP: 14/15 MP: 1/8
   185 | D:1      | Learned a level 2 spell: Throw Flame
   574 | D:1      | Reached XP level 3. HP: 19/19 MP: 8/10
  1126 | D:2      | Reached XP level 4. HP: 20/24 MP: 7/12
  1610 | D:3      | Noticed execc's ghost (amateur FoAK)
  1617 | D:3      | Slain by execc's ghost

Skill      XL: |  1  2  3 |
---------------+----------+-----
Fire Magic     | 4 |  4.2
Spellcasting   | 4 |  4.4
Conjurations   | 2 |  2.2
Dodging        | |  2.9
Stealth        | |  2.4

Action                   |  1- 3 |  4- 6 || total
-------------------------+-------+-------++-------
Melee: Unarmed           |     3 |       ||     3
       Dagger            |       |     6 ||     6
 Cast: Flame Tongue      |    66 |    27 ||    93
       Throw Flame       |       |     3 ||     3
  Use: Scroll            |       |     5 ||     5
 Stab: Sleeping          |     1 |       ||     1
  Eat: Chunk             |       |     2 ||     2
Armor: Robe              |     6 |     2 ||     8
Dodge: Dodged            |    25 |    11 ||    36
